 Dungeon Sprint DCSS version 0.29.1-2-gbd0b4ee654 (webtiles) character file.

Game seed: 2153385076169933229

7 Zeld the Chopper (level 1, -6/30 HPs)
             Began as a Minotaur Berserker on Oct 28, 2022.
             Was a Believer of Trog.
             Mangled by a warg (16 damage)
             ... while paralysed by a floating eye
             ... in the Dungeon (Sprint VII: "The Pits").
             The game lasted 00:00:23 (223 turns).

Zeld the Chopper (Minotaur Berserker)                Turns: 223, Time: 00:00:23

Health: -6/30      AC:  2    Str: 21    XL:     1   Next: 91%
Magic:  0/0        EV:  2    Int:  4    God:    Trog [**....]
Gold:   0          SH:  0    Dex:  9    Spells: 0/0 levels left

rFire   . . .      SeeInvis .   a - +2 hand axe
rCold   . . .      Faith    .   (no shield)
rNeg    . . .      Spirit   .   b - +0 animal skin
rPois   .          Reflect  .   (helmet restricted)
rElec   .          Harm     .   (no cloak)
rCorr   .          Rampage  .   (no gloves)
Will    .....      NoTele   +   (no boots)
Stlth   ..........              (no amulet)
HPRegen 0.10/turn               (no ring)
MPRegen 0.07/turn               (no ring)

@: paralysed, berserking, lethally poisoned (-6 -> -11)
A: horns 2, retaliatory headbutt
a: Renounce Religion, Berserk, Trog's Hand


You were in the Dungeon.
You worshipped Trog.
Trog was pleased with you.
You visited 1 branch

Inventory:

Hand Weapons
 a - a +2 hand axe (weapon)
Armour
 b - a +0 animal skin (worn)
Scrolls
 h - a scroll of blinking
 j - a scroll of summoning
Potions
 c - a potion of curing
 d - a potion of heal wounds
 e - a potion of haste
 f - 4 potions of magic
 g - 3 potions of berserk rage
 i - 2 potions of invisibility


   Skills:
 + Level 4.2 Fighting
 * Level 4.7 Axes
 + Level 3.2 Armour
 + Level 2.8 Dodging


You couldn't memorise any spells.
You didn't know any spells.
Your spell library was empty.

Dungeon Overview and Level Annotations

Branches:
Dungeon (1/1)

Altars:
Ashenzari
Cheibriados
Dithmenos
Elyvilon
Fedhas
Gozag
Hepliaklqana
Kikubaaqudgha
Makhleb
Nemelex Xobeh
Okawaru
Qazlal
Ru
Sif Muna
Trog
Uskayaw
Vehumet
Wu Jian
Xom
Yredelemnul
Zin
The Shining One
Jiyva
Lugonu


Innate Abilities, Weirdness & Mutations

You have a pair of horns on your head.
You reflexively headbutt those who attack you in melee.


Message History

The jackal is severely wounded.
The jackal bites you but does no damage.
Unknown command.
You hit the jackal.
You kill the jackal!
Trog accepts your kill.
You hit the kobold.
The kobold is heavily wounded.
The kobold hits you with a +0 dagger.
Unknown command.
You hit the kobold.
You kill the kobold!
Trog accepts your kill.
There is an open door here.
Things that are here:
a +0 dagger; a kobold corpse; a jackal corpse No target in view!
Unknown command.
No target in view!
You start resting.
You start resting.
HP restored.
You start waiting.
You open the door.
A floating eye, a warg, a gnoll and a scorpion come into view.
The warg howls!
There is an open door here.
The floating eye's stare focuses on you.
A red film seems to cover your vision as you go berserk!
You feel yourself moving faster!
You feel mighty! The gnoll misses you.
The floating eye gazes piercingly through you!
You suddenly lose the ability to move!
The warg bites you. The scorpion completely misses you.
The gnoll hits you but does no damage. The warg bites you!
The scorpion stings you.
You are poisoned.
The scorpion poisons you!
You feel sick. The warg bites you!
Ouch! That really hurt!
You die...

#...........'..........
#+#####'#####......#..#
#.....# #..........
#.....# ####'#####+
###)### #.......#
#.....# #.......#
#.....# #.......#
####'##+###...<...#
#..G@h...##.......#
#..g.s...##.......#
###########.......#
#########


You could see a warg, a scorpion, a floating eye and a gnoll.

Vanquished Creatures
  An endoplasm (D)
  A hobgoblin (D)
  2 jackals (D)
  A kobold (D)
  A bat (D)
6 creatures vanquished.

Notes
Turn   | Place    | Note
-------+----------+-------------------------------------------
     0 | D        | Zeld the Minotaur Berserker began the quest for the Orb.
     0 | D        | Reached XP level 1. HP: 19/19 MP: 0/0
    29 | D        | Found a bloodstained altar of Trog.
    29 | D        | Found a shimmering blue altar of Sif Muna.
    29 | D        | Found a viscous altar of Jiyva.
    29 | D        | Found a hazy altar of Hepliaklqana.
    29 | D        | Found an opulent altar of Gozag.
    30 | D        | Found a glowing golden altar of the Shining One.
    30 | D        | Found a glowing silver altar of Zin.
    30 | D        | Found a basalt altar of Yredelemnul.
    30 | D        | Found a shimmering altar of Xom.
    30 | D        | Found an ornate altar of the Wu Jian Council.
    30 | D        | Found a sacrificial altar of Ru.
    30 | D        | Found a stormy altar of Qazlal.
    30 | D        | Found an iron altar of Okawaru.
    30 | D        | Found a sparkling altar of Nemelex Xobeh.
    30 | D        | Found a burning altar of Makhleb.
    30 | D        | Found a blossoming altar of Fedhas.
    30 | D        | Found a white marble altar of Elyvilon.
    30 | D        | Found a shadowy altar of Dithmenos.
    30 | D        | Found a snail-covered altar of Cheibriados.
    32 | D        | Found a corrupted altar of Lugonu.
    32 | D        | Found a radiant altar of Vehumet.
    33 | D        | Found an ancient bone altar of Kikubaaqudgha.
    33 | D        | Found a hide-covered altar of Uskayaw.
    33 | D        | Found a broken altar of Ashenzari.
    73 | D        | Reached ** piety under Trog
   219 | D        | Noticed a floating eye
   219 | D        | Noticed a warg
   219 | D        | Noticed a scorpion
   221 | D        | Paralysed by a floating eye for 3 turns
   223 | D        | Mangled by a warg

Illustrated notes

Levels and vault maps discovered:
D:        pitsprint [storerooms_1, entrance_room_1, metal_vault_4, armoury_2,
          mini_pit_1, grid_room_1, main_hall_1, silver_pit, the_coven_2,
          the_vestibule_1, steel_vault_5, golden_pit, hallway_of_sentries,
          crystal_vault_2, iron_vault_2, final_vault]

Skill      XL: |  1 |
---------------+----+-----
Axes           | 4 |  4.7
Fighting       | 4 |  4.2
Armour         | 3 |  3.2
Dodging        | |  2.8

Action                   || total
-------------------------++-------
Melee: Hand axe          ||    13
       Headbutt          ||     1
Invok: Berserk           ||     1
Armor: Animal skin       ||     3
Dodge: Dodged            ||     9
